 Dungeon Crawl Stone Soup version 0.27.0 (webtiles) character file.

Game seed: 8649931440739579884

68131 infcreate the Fighter (level 15, -3/100 HPs)
             Began as a Gargoyle Fighter on July 30, 2021.
             Was the Champion of Okawaru.
             Slain by a titanic slime creature (83 damage)
             ... on level 14 of the Dungeon.
             The game lasted 01:19:55 (24686 turns).

infcreate the Fighter (Gargoyle Fighter)           Turns: 24686, Time: 01:19:55

Health: -3/100     AC: 36    Str: 26    XL:     15   Next: 25%
Magic:  31/31      EV:  9    Int: 16    God:    Okawaru [******]
Gold:   807        SH: 15    Dex: 11    Spells: 14/14 levels left

rFire    + . .     SeeInvis +   x - +4 morningstar
rCold    + . .     Faith    .   B - +3 buckler "Pouhosuikk" {Str+3 Int+4 SInv}
rNeg     + . .     Spirit   .   C - +4 chain mail {rF+}
rPois    ∞         Reflect  +   O - +0 mask of the Dragon {Will+ Slay+3 SInv}
rElec    +         Harm     .   h - scarf {shadows}
rCorr    +         Rampage  .   R - +1 pair of gloves
Will     ++...     Rnd*Rage +   o - +4 pair of boots of Lies {MP+9 SInv}
Stlth    ..........             t - amulet of reflection
HPRegen  0.26/turn              U - ring of Fosiw {rC+ rCorr}
MPRegen  0.22/turn              Y - +4 ring of slaying

@: unable to read, flying
A: sickness immunity, AC +11, big wings, negative energy resistance 1,
electricity resistance, torment resistance 1, petrification resistance, thin
skeletal structure 1, berserk 1, no potion heal 1, inability to read while
threatened
a: Renounce Religion, Heroism, Finesse


You were on level 14 of the Dungeon.
You worshipped Okawaru.
Okawaru was exalted by your worship.
You visited 3 branches of the dungeon, and saw 22 of its levels.
You also visited: Volcano.

You collected 1283 gold pieces.
You spent 476 gold pieces at shops.


Innate Abilities, Weirdness & Mutations

You are immune to sickness and miasma.
Your stone body is resilient. (AC +11)
You are immune to poison.
Your large and strong wings let you fly.
You resist negative energy. (rN+)
You are resistant to electric shocks. (rElec)
You are resistant to unholy torment.
You are immune to petrification.
You have a somewhat thin skeletal structure. (Dex +2, Stealth+)
You tend to lose your temper in combat.
Potions are less effective at restoring your health.
You sometimes lose the ability to read scrolls when taking damage.


   Skills:
 * Level 13.9 Fighting
 * Level 12.6 Maces & Flails
 * Level 13.8 Armour
 * Level 13.9 Shields
 + Level 9.7 Invocations


You had 14 spell levels left.
You didn't know any spells.
Your spell library contained the following spells:

 Spells                   Type           Power      Damage    Failure   Level
 Pain                     Necr           0%         1d4       69%         1
 Summon Small Mammal      Summ           0%         N/A       69%         1
 Ensorcelled Hibernation  Hex/Ice        0%         N/A       83%         2
 Static Discharge         Conj/Air       0%         N/A       83%         2
 Call Canine Familiar     Summ           0%         N/A       96%         3
 Ozocubu's Armour         Ice            0%         N/A       96%         3
 Spider Form              Tmut/Pois      0%         N/A       96%         3
 Summon Guardian Golem    Hex/Summ       0%         N/A       96%         3
 Tukima's Dance           Hex            0%         N/A       96%         3
 Airstrike                Air            0%         N/A       100%        4
 Cause Fear               Hex            0%         N/A       100%        4
 Passage of Golubria      Tloc           N/A        N/A       100%        4
 Petrify                  Tmut/Erth      0%         N/A       100%        4
 Summon Lightning Spire   Summ/Air       0%         N/A       100%        4
 Agony                    Necr           0%         N/A       100%        5
 Excruciating Wounds      Necr           0%         N/A       100%        5
 Irradiate                Conj/Tmut      0%         3d14      100%        5
 Lightning Bolt           Conj/Air       0%         1d11      100%        5
 Yara's Violent Unravell  Hex/Tmut       0%         3d3       100%        5
 Shadow Creatures         Summ           N/A        N/A       100%        6
 Dragon Form              Tmut           0%         N/A       100%        7
 Ozocubu's Refrigeration  Ice            0%         4d5       100%        7
 Maxwell's Capacitive Co  Air            0%         ∞         100%        8
 Chain Lightning          Conj/Air       0%         N/A       100%        9
 Dragon's Call            Summ           0%         N/A       100%        9
 Fire Storm               Conj/Fire      0%         5d1       100%        9
 Sublimation of Blood     Necr           Unusable   N/A       N/A         2

Inventory:

Hand Weapons
 x - a +4 morningstar (weapon)
Missiles
 n - a throwing net (quivered) {=f}
Armour
 c - a +0 kite shield
 h - a scarf of shadows (worn)
 k - a +0 hat of willpower
 o - the +4 pair of boots of Lies (worn) {MP+9 SInv}
   (Okawaru gifted it to you on level 1 of the Lair of Beasts)

   MP:        It affects your magic capacity (+9).
   SInv:      It lets you see invisible.
 y - a +1 cloak
 B - the +3 buckler "Pouhosuikk" (worn) {Str+3 Int+4 SInv}
   (You bought it in a shop on level 9 of the Dungeon)

   Str:       It affects your strength (+3).
   Int:       It affects your intelligence (+4).
   SInv:      It lets you see invisible.
 C - a +4 chain mail of fire resistance (worn)
 G - +0 acid dragon scales
 K - +0 fire dragon scales
 O - the +0 mask of the Dragon (worn) {Will+ Slay+3 SInv}
   (You found it on level 3 of the Lair of Beasts)

   Slay:      It affects your accuracy & damage with ranged weapons and melee
   (+3).
   SInv:      It lets you see invisible.
   Will:      It increases your willpower.
 R - a +1 pair of gloves (worn)
 V - a +3 chain mail of willpower
Jewellery
 f - a ring of protection from fire
 t - an amulet of reflection (around neck)
 N - a ring of positive energy
 T - a +4 ring of protection
 U - the ring of Fosiw (left hand) {rC+ rCorr}
   (You found it on level 6 of the Lair of Beasts)

   [ring of protection from cold]

   rC:        It protects you from cold.
   rCorr:     It protects you from acid and corrosion.
 Y - a +4 ring of slaying (right hand)
Wands
 u - a wand of iceblast (8)
 z - a wand of flame (11)
 M - a wand of digging (6)
Scrolls
 a - a scroll of blinking
 g - 3 scrolls of identify {@r1}
 p - a scroll of immolation
 q - a scroll of amnesia
 A - a scroll of enchant weapon
 F - 4 scrolls of teleportation {@r2}
 Q - a scroll of fog
 S - a scroll of fear
Potions
 b - 7 potions of curing {@q1}
 d - 11 potions of might
 e - 3 potions of berserk rage {!q}
 i - 5 potions of magic
 j - 6 potions of haste {@q3}
 l - 3 potions of brilliance
 m - 4 potions of heal wounds {@q2}
 r - 8 potions of mutation
 s - 5 potions of cancellation
 v - a potion of ambrosia
 w - 3 potions of invisibility
 D - 2 potions of attraction
 L - 2 potions of resistance
 P - 3 potions of lignification

Dungeon Overview and Level Annotations

Branches:
Dungeon (15/15)            Temple (1/1) D:4            Lair (6/6) D:11
 Shoals (0/4) Lair:2        Snake (0/4) Lair:2        Slime (0/5) Lair:5
    Orc (0/2) D:10         Depths (0/5) D:15        Volcano (visited)
 Vaults: D:13-14

Altars:
Ashenzari
Cheibriados
Dithmenos
Elyvilon
Fedhas
Gozag
Hepliaklqana
Kikubaaqudgha
Makhleb
Nemelex Xobeh
Okawaru
Qazlal
Ru
Sif Muna
Trog
Uskayaw
Vehumet
Wu Jian
Xom
Yredelemnul
Zin
The Shining One

Shops:
D:1 :   D:9 [   D:10 *

Annotations:
Lair:6 2 transporters, Razfen's ghost, journeyman GnWn; Rexfelis's ghost, journeyman MiBe

#........). .#
#####.#### #........#
## ######........# ...
....##........# ....
###..#........####.....
##..........##@JQ....
###.......>...#.....
#........#### ....
#........# ...
#........# ##
##.####### #.# #.# #.


You could see a titanic slime creature and a tengu warrior.


Message History

The slime creature hits you but does no damage.
Two slime creatures merge to form a large slime creature.
You barely miss the large slime creature.
The large slime creature is lightly wounded.
You hear the beating of a drum nearby.
A slime creature comes into view.
The slime creature quivers.
You hit the large slime creature.
The large slime creature is moderately wounded.
You impale the large slime creature!!
The large slime creature is heavily wounded.
A large slime creature splits.
Two slime creatures merge to form a very large slime creature.
You bludgeon the slime creature!!
The slime creature is severely wounded.
You puncture the slime creature!
You kill the slime creature!
Okawaru accepts your kill.
You impale the very large slime creature!!
The very large slime creature is moderately wounded.
Two slime creatures merge to form an enormous slime creature.
You bludgeon the enormous slime creature!!
The enormous slime creature is moderately wounded.
Two slime creatures merge to form a titanic slime creature.
You puncture the titanic slime creature!
The titanic slime creature is moderately wounded.
The titanic slime creature hits you!!!!
You feel threatened and lose the ability to read scrolls!
Ouch! That really hurt!
You die...

Skill      XL: |  1  2  3  4  5  6  7  8  9 10 11 12 13 14 |
---------------+-------------------------------------------+-----
Shields        | 4 5 6 8 9 10 11 12 13 | 13.9
Fighting       | 4 5 6 8 9 10 11 12 13 | 13.9
Armour         | 4 5 6 7 9 10 11 12 13 | 13.8
Maces & Flails | 3 4 5 6 8 9 10 11 12 | 12.6
Invocations    | 1 3 4 5 6 7 8 9 |  9.7

Action                   |  1- 3 |  4- 6 |  7- 9 | 10-12 | 13-15 || total
-------------------------+-------+-------+-------+-------+-------++-------
Melee: Flail             |   136 |   263 |   464 |   562 |       ||  1425
       Whip              |       |       |    24 |    95 |       ||   119
       Morningstar       |       |       |       |   352 |   916 ||  1268
Invok: Heroism           |       |       |    12 |    12 |    11 ||    35
       Finesse           |       |       |       |     2 |     2 ||     4
Evoke: Wand              |       |       |       |    17 |    11 ||    28
  Use: Scroll            |       |     2 |       |    20 |     9 ||    31
 Stab: Betrayed ally     |       |       |       |     1 |       ||     1
Armor: Scale mail        |    36 |       |       |       |       ||    36
       Chain mail        |    39 |   149 |       |   324 |   524 ||  1036
       Plate armour      |       |    27 |   353 |   158 |       ||   538
       Acid dragon scale |       |       |       |    17 |       ||    17
       Fire dragon scale |       |       |       |     3 |       ||     3
Dodge: Dodged            |    39 |    60 |    83 |   229 |   250 ||   661
Block: Kite shield       |    75 |   144 |   363 |   247 |       ||   829
       Reflection        |       |       |     4 |    12 |     4 ||    20
       Buckler           |       |       |       |   409 |   692 ||  1101

Levels and vault maps discovered:
D:1:      wander_arrival_peaceful_grave, layout_basic, serial_shops,
          shop_statue, basic_ecumenical_altar
D:2:      layout_loops_ring
D:3:      layout_rooms, nemelex_altar_shiori, kennysheep_generic_room_6
D:4:      layout_basic, minmay_temple_entry_offerings
D:5:      layout_loops_ring, wad_woods_river_04, minmay_circle_x
D:6:      layout_rooms, sigmund_army
D:7:      layout_cave_pools, hangedman_abyss_or_decor_jellyfish_corner
D:8:      layout_basic, uniq_prince_ribbit1
D:9:      layout_gridville, serial_shops, nicolae_shop_behind_doors,
          chequers_serial_rivers_room_a
D:10:     layout_basic, orc_0_dummy, serial_shops, nicolae_stop_n_shop_1,
          lemuel_old_faithful, uniq_sonja
D:11:     layout_loops_cross, lair_entry_dummy,
          ploomutoo_gammafunk_ghost_potion_laboratory
D:12:     layout_basic, gammafunk_ghost_hydra_chop, kennysheep_just_a_vault
D:13:     layout_basic, enter_bailey_8, vehumet_altar_wand_db
D:14:     layout_roguey, grunt_vaults_entry_fortified,
          nicolae_ashenzari_skybound, gauntlet_entry_generic
D:15:     grunt_enter_depths_giant_problem, layout_loops_ring,
          minmay_misc_feat_diagonals, special_room [special_room_bee],
          uniq_nessos, uniq_rupert
Temple:   compressed_dpeg_triangle_lava_temple
Lair:1:   minmay_lair_oklob_tunnel, layout_gridlike, serial_bayou_shore_b,
          uniq_maggie
Lair:2:   layout_regular_city, minmay_shoals_entry_lonely_mermaid,
          guppyfry_snake_entry_island, nicolae_volcano_entry_hallway,
          minmay_lair_oklob_bushes, nzn_sisyphean_effort
Lair:3:   layout_gridlike
Lair:4:   layout_long_grid
Lair:5:   layout_cave_pods, dpeg_slime_entry_corner, grunt_megastairs_3,
          uniq_josephine
Lair:6:   gammafunk_lair_ancient_temple, layout_long_grid, nzn_ghost_randoct,
          st_stairs_4

Notes
Turn   | Place    | Note
-------+----------+-------------------------------------------
     0 | D:1      | infcreate the Gargoyle Fighter began the quest for the Orb.
     0 | D:1      | Reached XP level 1. HP: 14/14 MP: 1/1
    30 | D:1      | Found a faded altar of an unknown god.
   479 | D:1      | Reached XP level 2. HP: 19/19 MP: 2/2
   655 | D:1      | Found Pousoh's Book Emporium.
  1055 | D:1      | Reached XP level 3. HP: 20/24 MP: 3/3
  1791 | D:2      | Reached XP level 4. HP: 29/29 MP: 4/4
  2009 | D:2      | Reached skill level 4 in Shields
  2101 | D:3      | Reached skill level 4 in Fighting
  2101 | D:3      | Reached skill level 4 in Armour
  2396 | D:3      | Reached skill level 3 in Maces & Flails
  2469 | D:3      | Reached XP level 5. HP: 33/33 MP: 5/5
  2694 | D:3      | Found a sparkling altar of Nemelex Xobeh.
  3607 | D:4      | Reached XP level 6. HP: 39/39 MP: 6/6
  3935 | D:4      | Found a staircase to the Ecumenical Temple.
  3947 | Temple   | Entered the Ecumenical Temple
  4006 | Temple   | Became a worshipper of Warmaster Okawaru
  4626 | D:5      | Entered Level 5 of the Dungeon
  4688 | D:5      | Noticed a black bear
  4756 | D:5      | Noticed a sky beast
  5005 | D:5      | Reached skill level 5 in Fighting
  5005 | D:5      | Reached skill level 5 in Armour
  5005 | D:5      | Reached skill level 5 in Shields
  5005 | D:5      | Reached XP level 7. HP: 40/44 MP: 7/7
  5047 | D:5      | Reached skill level 4 in Maces & Flails
  5047 | D:5      | Reached skill level 1 in Invocations
  5220 | D:5      | Reached * piety under Okawaru
  5798 | D:5      | Reached XP level 8. HP: 40/51 MP: 6/9
  5833 | D:5      | Reached skill level 2 in Invocations
  6110 | D:5      | Reached skill level 6 in Fighting
  6110 | D:5      | Reached skill level 6 in Armour
  6110 | D:5      | Reached skill level 6 in Shields
  6112 | D:5      | Reached skill level 5 in Maces & Flails
  6654 | D:5      | Reached ** piety under Okawaru
  6889 | D:5      | Reached skill level 3 in Invocations
  7254 | D:5      | Reached XP level 9. HP: 44/56 MP: 11/11
  7484 | D:6      | Reached skill level 7 in Fighting
  7484 | D:6      | Reached skill level 7 in Shields
  7881 | D:6      | Reached skill level 7 in Armour
  8260 | D:7      | Reached skill level 6 in Maces & Flails
  8386 | D:7      | Reached *** piety under Okawaru
  8761 | D:8      | Noticed a deep elf pyromancer
  8914 | D:8      | Noticed a hornet
  9069 | D:7      | Killed a deep elf pyromancer
  9108 | D:6      | Killed a hornet
  9109 | D:6      | Reached skill level 4 in Invocations
  9388 | D:7      | Reached skill level 8 in Fighting
  9388 | D:7      | Reached skill level 8 in Shields
  9388 | D:7      | Reached XP level 10. HP: 27/64 MP: 13/13
  9610 | D:7      | Reached skill level 8 in Armour
  9688 | D:7      | Reached skill level 7 in Maces & Flails
  9986 | D:8      | Noticed Prince Ribbit
 10014 | D:8      | Killed Prince Ribbit
 11972 | D:9      | Found Ytironne's Antique Armour Shoppe.
 11975 | D:9      | Bought a jewelled buckler for 266 gold pieces
 11975 | D:9      | Identified the +3 buckler "Pouhosuikk" {Str+3 Int+4 SInv}
                  | (You bought it in a shop on level 9 of the Dungeon)
 11975 | D:9      | Bought a runed chain mail for 210 gold pieces
 12098 | D:10     | Entered Level 10 of the Dungeon
 12132 | D:10     | Found Doasaij's Assorted Antiques.
 12146 | D:10     | Found a staircase to the Orcish Mines.
 12289 | D:10     | Reached skill level 5 in Invocations
 12299 | D:9      | Reached **** piety under Okawaru
 12431 | D:10     | Noticed Sonja
 12445 | D:10     | Killed Sonja
 12446 | D:10     | Reached skill level 9 in Fighting
 12641 | D:10     | Reached skill level 9 in Shields
 12800 | D:10     | Reached skill level 9 in Armour
 13086 | D:11     | Reached skill level 8 in Maces & Flails
 13086 | D:11     | Reached XP level 11. HP: 60/71 MP: 13/15
 13171 | D:11     | Noticed a brown ugly thing
 13172 | D:11     | Found a runed translucent gate.
 13172 | D:11     | Noticed a brown ugly thing
 13172 | D:11     | Noticed a cyan ugly thing
 13173 | D:11     | Found a runed translucent gate.
 13173 | D:11     | Noticed a cyan ugly thing
 13174 | D:11     | Found a runed translucent gate.
 13174 | D:11     | Noticed a brown ugly thing
 13387 | D:11     | Reached ***** piety under Okawaru
 13676 | D:11     | Found a staircase to the Lair.
 13700 | D:11     | Noticed a boulder beetle
 13723 | D:11     | Killed a boulder beetle
 14027 | Lair:1   | Entered Level 1 of the Lair of Beasts
 14181 | Lair:1   | Noticed a five-headed hydra
 14199 | D:11     | Killed a five-headed hydra
 14451 | Lair:1   | Reached skill level 6 in Invocations
 14455 | Lair:1   | Reached skill level 10 in Fighting
 14455 | Lair:1   | Reached skill level 10 in Shields
 14469 | Lair:1   | Identified the +4 pair of boots of Lies {MP+9 SInv}
                  | (Okawaru gifted it to you on level 1 of the Lair of Beasts)
 14469 | Lair:1   | Received a gift from Okawaru
 14470 | Lair:1   | Reached skill level 10 in Armour
 14603 | Lair:1   | Noticed Maggie
 14625 | Lair:1   | Killed Maggie
 14642 | Lair:1   | Noticed an oklob plant
 14657 | Lair:1   | Noticed an oklob plant
 14670 | Lair:1   | Reached skill level 9 in Maces & Flails
 14761 | Lair:1   | Killed an oklob plant
 14776 | Lair:1   | Killed an oklob plant
 14999 | Lair:1   | Noticed an oklob plant
 14999 | Lair:1   | Noticed an oklob plant
 15245 | Lair:1   | an oklob plant changed into a ballistomycete
 15318 | Lair:1   | Killed an oklob plant
 15319 | Lair:1   | Reached XP level 12. HP: 40/78 MP: 16/16
 16113 | Lair:2   | Noticed a boulder beetle
 16128 | Lair:2   | Killed a boulder beetle
 16220 | Lair:2   | You fall into a shaft and drop 2 floors!
 16595 | Lair:2   | Reached skill level 11 in Fighting
 16595 | Lair:2   | Reached skill level 11 in Shields
 16600 | Lair:2   | Reached skill level 11 in Armour
 16600 | Lair:2   | Reached skill level 7 in Invocations
 16717 | Lair:2   | Found a dark tunnel.
 16726 | Volcano  | Entered a volcano
 16825 | Volcano  | Noticed a two-headed ogre
 16838 | Volcano  | Killed a two-headed ogre
 16839 | Volcano  | Reached skill level 10 in Maces & Flails
 16989 | Volcano  | Received a gift from Okawaru
 17018 | Volcano  | Killed a two-headed ogre
 17578 | Volcano  | Identified the +0 pair of gloves of Netioch {Str+7 Int+2
                  | Dex-5}
 17671 | Lair:2   | Identified the +1 robe of Beogh's Generosity {Regen+ SInv}
 17722 | Lair:2   | Found a staircase to the Snake Pit.
 18226 | Lair:2   | Found a staircase to the Shoals.
 18630 | Lair:3   | Reached XP level 13. HP: 84/84 MP: 18/18
 18776 | Lair:3   | Found the +0 mask of the Dragon {Will+ Slay+3 SInv}
 19380 | Lair:5   | Noticed Josephine
 19389 | Lair:5   | Killed Josephine
 19572 | Lair:5   | Found a staircase to the Slime Pits.
 20221 | Lair:5   | Reached skill level 12 in Fighting
 20221 | Lair:5   | Reached skill level 12 in Armour
 20221 | Lair:5   | Reached skill level 12 in Shields
 20239 | Lair:5   | Reached skill level 8 in Invocations
 20454 | Lair:6   | Entered Level 6 of the Lair of Beasts
 20532 | Lair:5   | Reached skill level 11 in Maces & Flails
 20627 | Lair:6   | Identified the +8 shortbow of the Extremes {venom, rElec
                  | rF- Will- Str+10} (Okawaru gifted it to you on level 6 of
                  | the Lair of Beasts)
 20627 | Lair:6   | Received a gift from Okawaru
 20980 | Lair:6   | Reached ****** piety under Okawaru
 21534 | Lair:5   | Gained mutation: Your large and strong wings let you fly.
                  | [Gargoyle growth]
 21534 | Lair:5   | Reached XP level 14. HP: 60/92 MP: 20/20
 22042 | Lair:6   | Identified the +10 triple crossbow of the Coward {elec,
                  | Drain +Blink rN+++ Stlth-} (Okawaru gifted it to you on
                  | level 6 of the Lair of Beasts)
 22042 | Lair:6   | Received a gift from Okawaru
 22283 | Lair:6   | Reached skill level 13 in Fighting
 22359 | Lair:6   | Reached skill level 13 in Armour
 22359 | Lair:6   | Reached skill level 13 in Shields
 22598 | Lair:6   | Reached skill level 9 in Invocations
 22641 | Lair:6   | Found a transporter.
 22643 | Lair:6   | Found a transporter.
 22643 | Lair:6   | Noticed Rexfelis's ghost (journeyman MiBe)
 22650 | Lair:6   | Noticed Razfen's ghost (journeyman GnWn)
 22668 | Lair:6   | Received a gift from Okawaru
 22930 | Lair:6   | Found the +4 skin of Zhor {*Englaciate rC+++ SInv}
 22937 | Lair:6   | Identified the +2 great sword of the Tundras {freeze, rC-
                  | Dex+4}
 22949 | Lair:6   | Identified the ring of Fosiw {rC+ rCorr}
 22975 | Lair:6   | Identified 2 potions of resistance
 23259 | D:11     | Reached skill level 12 in Maces & Flails
 23291 | D:11     | Found a runed translucent gate.
 23291 | D:11     | Found a runed translucent gate.
 23293 | D:11     | Found a runed translucent gate.
 23295 | D:11     | Noticed sn0wgr3's ghost (journeyman GrFi)
 23307 | D:11     | Gained mutation: Potions are less effective at restoring
                  | your health. [a neqoxec]
 23324 | D:11     | Gained mutation: You have a somewhat thin skeletal
                  | structure. (Dex +2, Stealth+) [a neqoxec]
 23334 | D:11     | Killed sn0wgr3's ghost
 23544 | D:11     | Gained mutation: You tend to lose your temper in combat.
                  | [mutagenic glow]
 23553 | D:11     | Gained mutation: You sometimes lose the ability to read
                  | scrolls when taking damage. [mutagenic glow]
 23608 | D:12     | Noticed a fire giant
 23615 | D:12     | Killed a fire giant
 23615 | D:12     | Received a gift from Okawaru
 23707 | D:12     | Found a runed translucent gate.
 23708 | D:12     | Found a runed translucent gate.
 23709 | D:12     | Found a runed translucent gate.
 23709 | D:12     | Noticed TotesWizzard's ghost (journeyman HOBe)
 24400 | D:12     | Reached XP level 15. HP: 93/99 MP: 22/22
 24408 | D:12     | Killed TotesWizzard's ghost
 24501 | D:13     | Found a radiant altar of Vehumet.
 24508 | D:13     | You are sucked into a shaft and drop 2 floors!
 24508 | D:15     | Entered Level 15 of the Dungeon
 24508 | D:15     | Found a staircase to the Depths.
 24509 | D:15     | Noticed a fire giant
 24520 | D:15     | Noticed Rupert
 24525 | D:15     | Killed a fire giant
 24544 | D:15     | Killed Rupert
 24686 | D:14     | Slain by a titanic slime creature

Vanquished Creatures
  Rupert (D:15)
  2 fire giants
  The ghost of TotesWizzard the Severer, a journeyman HOBe of Trog (D:12)
  Josephine (Lair:5)
  5 hydras
  A merfolk avatar (Lair:6)
  The ghost of sn0wgr3 the Protected, a journeyman GrFi of Xom (D:11)
  2 centaur warriors
  4 boulder beetles
  3 two-headed ogres
  5 death yaks (Lair:5)
  Sonja (D:10)
  A fire crab (shapeshifter) (D:11)
  A lindwurm (Lair:6)
  4 oklob plants
  A deep elf pyromancer (D:12)
  3 manticores
  15 elephants
  5 ugly things (D:11)
  6 slime creatures
  3 salamanders (Volcano)
  A merfolk siren (Lair:2)
  6 black mambas
  Maggie (Lair:1)
  19 cane toads
  2 kobold demonologists (D:12)
  A rime drake (Lair:4)
  A rime drake (shapeshifter) (D:11)
  2 unseen horrors
  13 komodo dragons
  3 polar bears
  3 hornets
  A wind drake (Lair:6)
  2 trolls
  Prince Ribbit (D:8)
  7 blink frogs
  6 dream sheep (Lair:1)
  A blink frog (shapeshifter) (D:11)
  A snapping turtle (Lair:6)
  A shadow (D:12)
  A yak (shapeshifter) (D:11)
  3 wyverns
  2 fire bats (Volcano)
  49 yaks
  9 wraiths
  4 steam dragons
  3 neqoxecs (D:11)
  3 nagas (Lair:2)
  2 acid dragons (D:12)
  A hell hound (Volcano)
  12 water moccasins
  An orc warrior (D:8)
  2 ice beasts
  5 black bears
  A hornet zombie (D:6)
  A sky beast (D:5)
  6 ogres
  2 necrophages
  A tengu (shapeshifter) (D:11)
  3 wolves (Lair:5)
  9 centaurs
  A centaur (shapeshifter) (D:11)
  4 kobold brigands
  13 bullfrogs
  A gnoll sergeant (D:9)
  A wyvern zombie (D:6)
  A water moccasin zombie (D:5)
  3 scorpions
  A ballistomycete (Lair:1)
  10 killer bees
  2 howler monkeys (D:5)
  A centaur zombie (D:6)
  4 hounds
  2 jellies
  6 orc priests
  2 bullfrog skeletons
  9 orc wizards
  2 iguanas
  A hound zombie (D:5)
  A hound skeleton (D:5)
  3 howler monkey zombies
  10 gnolls
  7 adders
  2 howler monkey skeletons (D:4)
  An ufetubus (D:5)
  A worm (D:3)
  3 dart slugs
  27 orcs
  5 bats
  7 endoplasms
  4 giant cockroaches
  6 goblins
  10 hobgoblins
  2 jackals (D:4)
  25 kobolds
  A quokka (D:5)
  7 ball pythons
  5 frilled lizards
  8 rats
  A bush (Lair:2)
458 creatures vanquished.

Vanquished Creatures (others)
  A two-headed ogre (Volcano)
  A deep elf pyromancer (D:7)
  A yak (Lair:6)
  A kobold (D:7)
  46 fungi
  116 plants
166 creatures vanquished.

Grand Total: 624 creatures vanquished

Table legend: (Time is in decaauts)
 A = Elapsed time spent in this place.
 B = Non-inter-level travel time spent in this place.
 C = Inter-level travel time spent in this place.
 D = Time resting spent in this place.
 E = Time spent auto-exploring this place.
 F = Levels seen in this place.
 G = Mean time per level.
                   A        B        C        D        E       F      G
               +--------+--------+--------+--------+--------+-----+--------+
         Total |  24905 |  15103 |   9802 |   8473 |      0 |  23 | 1082.8 |
       Dungeon |  16080 |   9637 |   6443 |   5453 |      0 |  15 | 1072.0 |
        Temple |     74 |      2 |     72 |      0 |      0 |   1 |   74.0 |
          Lair |   7878 |   4592 |   3286 |   2458 |      0 |   6 | 1313.0 |
       Volcano |    872 |    872 |      0 |    562 |      0 |   1 |  872.0 |
               +--------+--------+--------+--------+--------+-----+--------+

Top non-repeatable levels by time:
     D:5: 2570 daAuts
  Lair:5: 2303 daAuts
  Lair:1: 1732 daAuts
    D:11: 1690 daAuts
     D:9: 1626 daAuts
     D:2: 1539 daAuts
  Lair:6: 1429 daAuts
     D:1: 1242 daAuts
     D:4: 1171 daAuts
     D:7: 1171 daAuts
  Lair:2: 1124 daAuts
     D:8: 1118 daAuts
     D:6: 1079 daAuts
     D:3: 979 daAuts
    D:12: 887 daAuts

Table legend:
 A = Non-vault XP
 B = Vault XP
 C = Vault XP percentage of total XP
 D = Non-vault monster count
 E = Vault monster count
 F = Vault count percentage of total count
                 A         B        C        D         E       F
            +---------+---------+-------+---------+---------+-------
      Total |   63085 |   34245 |  35.2 |     369 |      88 |  19.3
            +---------+---------+-------+---------+---------+-------
        D:1 |      36 |       0 |   0.0 |      19 |       0 |   0.0
        D:2 |     117 |       1 |   0.8 |      27 |       1 |   3.6
        D:3 |     145 |       8 |   5.2 |      16 |       3 |  15.8
        D:4 |     254 |       0 |   0.0 |      16 |       0 |   0.0
        D:5 |    1480 |     369 |  20.0 |      23 |       8 |  25.8
        D:6 |     780 |       8 |   1.0 |      14 |       4 |  22.2
        D:7 |    2211 |       0 |   0.0 |      30 |       0 |   0.0
        D:8 |     535 |     283 |  34.6 |      13 |       1 |   7.1
        D:9 |    1364 |       0 |   0.0 |      28 |       0 |   0.0
       D:10 |     796 |     117 |  12.8 |       6 |       1 |  14.3
       D:11 |    4795 |    5888 |  55.1 |      20 |      15 |  42.9
       D:12 |    6173 |    3842 |  38.4 |      17 |       3 |  15.0
       D:13 |    1280 |       2 |   0.2 |       2 |       1 |  33.3
       D:14 |    3320 |       0 |   0.0 |       9 |       0 |   0.0
       D:15 |     556 |    4440 |  88.9 |       1 |       2 |  66.7
     Lair:1 |    4958 |    2795 |  36.1 |      21 |       7 |  25.0
     Lair:2 |    3082 |    2526 |  45.0 |      14 |       6 |  30.0
     Lair:3 |    1803 |       0 |   0.0 |       7 |       0 |   0.0
     Lair:4 |    1400 |     209 |  13.0 |       5 |       1 |  16.7
     Lair:5 |   17389 |    2023 |  10.4 |      56 |       5 |   8.2
     Lair:6 |   10611 |    8518 |  44.5 |      25 |      21 |  45.7
    Volcano |       0 |    3216 | 100.0 |       0 |       9 | 100.0
            +---------+---------+-------+---------+---------+-------
